 Dungeon Crawl Stone Soup version 0.23.2-1-ga50397a (webtiles) character file.

Game seed: 12145773343421813783

91 troglodite the Stinger (level 4, -2/28 HPs)
             Began as an Octopode Venom Mage on May 6, 2019.
             Killed by nerve-wracking pain
             ... invoked by Grinder
              (6 damage)
             ... on level 4 of the Dungeon on May 7, 2019.
             The game lasted 00:08:43 (1655 turns).

troglodite the Stinger (Octopode Venom Mage)        Turns: 1655, Time: 00:08:44

Health: -2/28      AC:  1    Str:  7    XL:     4   Next: 57%
Magic:  5/8        EV: 14    Int: 17    God:
Gold:   98         SH:  0    Dex: 13    Spells: 7/8 levels left

rFire    x . .     SeeInvis .   d - +2 spear (freeze)
rCold    + . .     Gourm    .   (no shield)
rNeg     + . .     Faith    .   (helmet restricted)
rPois    .         Spirit   .   (no amulet)
rElec    .         Reflect  .   h - ring of positive energy
rCorr    .         Harm     .   j - ring of ice
MR       .....                  l - ring of attention (curse)
Stlth    ++........             (no ring)
HPRegen  0.09/turn              (no ring)
MPRegen  0.11/turn              (no ring)
                                (no ring)
                                (no ring)

@: no status effects
A: almost no armour, stealthy swim, amphibious, 8 rings, constrict 8, camouflage
1, gelatinous body 1
a: no special abilities


You were on level 4 of the Dungeon.
You were hungry.

You visited 1 branch of the dungeon, and saw 4 of its levels.

You collected 98 gold pieces.

Inventory:

Hand Weapons
 d - a +2 spear of freezing (weapon)
 k - a +2 short sword of holy wrath
Jewellery
 h - a ring of positive energy (left tentacle)
 j - a ring of ice (right tentacle)
 l - a cursed ring of attention (on tentacle)
Scrolls
 a - 2 scrolls of magic mapping
 c - a scroll of enchant weapon
 e - a scroll of teleportation
 g - a scroll of identify
 o - a scroll of blinking {unknown}
Potions
 f - 2 potions of brilliance
 i - a potion of resistance
 m - a potion of flight
Comestibles
 b - 6 rations
 n - 2 chunks of flesh


   Skills:
 * Level 1.2 Fighting
 + Level 0.4 Polearms
 * Level 2.5 Dodging
 + Level 3.9 Stealth
 * Level 2.7 Spellcasting
 + Level 1.1 Conjurations
 + Level 4.2 Poison Magic


You had 7 spell levels left.
You knew the following spells:

 Your Spells              Type           Power        Failure   Level  Hunger
a - Sting                 Conj/Pois      ##..         6%          1    #......

Your spell library contained the following spells:

 Spells                   Type           Power        Failure   Level  Hunger
 Poisonous Vapours        Pois/Air       #.....       12%         2    ##.....
 Mephitic Cloud           Conj/Pois/Air  #.......     26%         3    ###....
 Olgreb's Toxic Radiance  Pois           ###.....     32%         4    #####..
 Venom Bolt               Conj/Pois      ##........   86%         5    ######.


Dungeon Overview and Level Annotations

Branches:
Dungeon (3/15)

Altars:
Xom

Annotations:
D:4 Grinder


Innate Abilities, Weirdness & Mutations

You cannot wear most types of armour.
You are very stealthy in the water. (Stealth+)
You are amphibious.
You can wear up to eight rings at the same time.
You can use your tentacles to constrict eight enemies at once.
Your skin changes colour to match your surroundings (Stealth+).
Your rubbery body absorbs attacks. (AC +1, EV +1)


Message History

Grinder gestures at you. You resist with significant effort.
You completely miss Grinder. You grab Grinder.
Grinder is lightly wounded.
You constrict Grinder. Grinder hits you!
You writhe in agony.
You hit Grinder.
Grinder is moderately wounded.
You constrict Grinder, but do no damage.
You are feeling hungry.
Grinder hits you.
* * * LOW HITPOINT WARNING * * *
You writhe in agony.
* * * LOW HITPOINT WARNING * * *
You hit Grinder.
Grinder is moderately wounded.
You constrict Grinder.
Grinder blinks free!
Grinder looks more healthy.
Grinder gestures at you. Pain shoots through your body!
You die...

#..####...##.#
#.........##.######
#.<####...##.......
#.# #...#########
##.####...#
..........#
##.####..##
#(..^..).#
#@####.#.#
#.##...#...
#.5..#####...
####...# .### ###.#
# ... ###


You could see Grinder.

Vanquished Creatures
  A howler monkey zombie (D:3)
  2 adders
  2 worms
  2 dart slugs
  4 leopard geckos
  5 orcs
  A ball python (D:4)
  7 giant cockroaches
  3 goblins
  4 quokkas
  2 bats (D:1)
  A frilled lizard (D:2)
  6 kobolds
  A rat (D:1)
41 creatures vanquished.

Notes
Turn   | Place    | Note
-------+----------+-------------------------------------------
     0 | D:1      | troglodite the Octopode Venom Mage began the quest for the
                  | Orb.
     0 | D:1      | Reached XP level 1. HP: 11/11 MP: 3/3
   110 | D:1      | Reached XP level 2. HP: 17/17 MP: 0/5
   219 | D:1      | Reached skill level 4 in Poison Magic
   395 | D:1      | You fall through a shaft!
   422 | D:2      | Reached XP level 3. HP: 16/21 MP: 6/6
  1341 | D:3      | Reached XP level 4. HP: 18/27 MP: 7/7
  1422 | D:3      | Found a shimmering altar of Xom.
  1422 | D:3      | Found a shimmering altar of Xom.
  1422 | D:3      | Found a shimmering altar of Xom.
  1423 | D:3      | Found a shimmering altar of Xom.
  1424 | D:3      | Found a shimmering altar of Xom.
  1498 | D:3      | You fall through a shaft!
  1616 | D:4      | Reached skill level 1 in Fighting
  1646 | D:4      | Noticed Grinder
  1655 | D:4      | Killed from afar by Grinder

Skill      XL: |  1  2  3  4 |
---------------+-------------+-----
Poison Magic   | 4 |  4.2
Stealth        | 3 |  3.9
Fighting       | 1 |  1.2
Polearms       | |  0.4
Dodging        | |  2.5
Spellcasting   | |  2.7
Conjurations   | |  1.1

Action                   |  1- 3 |  4- 6 || total
-------------------------+-------+-------++-------
Melee: Unarmed           |     5 |       ||     5
       Constrict         |    11 |     7 ||    18
       Spear             |    55 |    35 ||    90
       Tentacles         |     4 |     3 ||     7
 Cast: Sting             |    11 |     3 ||    14
  Use: Scroll            |     7 |       ||     7
 Stab: Sleeping          |     8 |     2 ||    10
  Eat: Chunk             |     1 |     1 ||     2
Armor: Skin              |     3 |       ||     3
Dodge: Dodged            |    27 |    14 ||    41
